 Dungeon Crawl Stone Soup version 0.17-a0-157-g289cc6a (webtiles) character file.

5135 Ngotmuk the Fighter (level 10, -6/81 HPs)
             Began as a Minotaur Fighter on Mar 27, 2015.
             Was a Believer of Okawaru.
             Killed from afar by a deep elf knight (22 damage)
             ... with a shard of ice
             ... on level 9 of the Dungeon.
             The game lasted 00:26:37 (8246 turns).

Ngotmuk the Fighter (Minotaur Fighter)              Turns: 8246, Time: 00:26:38

Health: -6/81      AC: 22    Str: 29    XL:     10   Next: 33%
Magic:  4/4        EV:  9    Int:  5    God:    Okawaru [**....]
Gold:   437        SH: 12    Dex: 10    Spells: 0 memorised, 9 levels left

rFire  + . .     SeeInvis .     z - +1 whip (venom)
rCold  . . .     Clarity  .     H - +0 plate armour (curse)
rNeg   . . .     SustAb   .     c - +0 shield
rPois  .         Gourm    .     (helmet restricted)
rElec  .         Spirit   .     C - +2 cloak
rCorr  .         Warding  .     M - +0 pair of gloves
rMut   .         Stasis   .     y - +2 pair of boots
MR     .....                    (no amulet)
Stlth  ..........               d - ring of loudness (curse)
                                G - ring of protection from fire (curse)

@: mighty, not resistant to hostile enchantments, extremely unstealthy
A: retaliatory headbutt, horns 2, blurry vision 1, frail 1
a: Heroism, Renounce Religion


You were on level 9 of the Dungeon.
You worshipped Okawaru.
Okawaru was pleased with you.
You were not hungry.

You visited 2 branches of the dungeon, and saw 11 of its levels.

You collected 437 gold pieces.

Inventory:

Hand weapons
 z - a +1 whip of venom (weapon)
Armour
 c - a +0 shield (worn)
 y - a +2 pair of boots (worn)
 C - a +2 cloak (worn)
 H - a cursed +0 plate armour (worn)
 M - a +0 pair of gloves (worn)
Jewellery
 d - a cursed ring of loudness (right hand)
 n - an uncursed ring of positive energy
 v - a cursed +3 ring of strength
 x - a +3 ring of protection
 G - a cursed ring of protection from fire (left hand)
 L - a cursed ring of wizardry {unknown}
Scrolls
 a - 2 scrolls of recharging
 b - a scroll of enchant armour
 k - 2 scrolls of fog
 l - a scroll of enchant weapon
 o - 3 scrolls of magic mapping
 p - 2 scrolls of teleportation
 r - a scroll of blinking
 w - 7 scrolls of identify
 D - a scroll of amnesia
Potions
 e - 4 potions of might
 g - 3 potions of invisibility
 h - 2 potions of flight {unknown}
 i - a potion of berserk rage {unknown}
 j - 3 potions of heal wounds {unknown}
 q - 2 potions of restore abilities {unknown}
 s - a potion of brilliance {unknown}
 t - a potion of resistance {unknown}
 u - 2 potions of lignification {unknown}
 A - 2 potions of curing {unknown}
 E - 2 potions of haste {unknown}
 I - a potion of agility
Comestibles
 f - 4 meat rations
 m - 2 bread rations
 B - 4 fruits


   Skills:
 + Level 9.1 Fighting
 + Level 8.9 Maces & Flails
 + Level 9.0 Armour
 + Level 7.1 Dodging
 + Level 9.0 Shields


You had 9 spell levels left.
You didn't know any spells.

Dungeon Overview and Level Annotations

Branches:
Dungeon (10/15)            Temple (1/1) D:7            Lair (0/8) D:9
    Orc: D:9-12

Altars:
Ashenzari
Cheibriados
Dithmenos
Elyvilon
Fedhas
Gozag
Kikubaaqudgha
Makhleb
Nemelex Xobeh
Okawaru
Qazlal
Ru
Sif Muna
Trog
Vehumet
Xom
Yredelemnul
Zin
The Shining One

Shops:
D:9 %:[[%

Annotations:
D:4 Kisielow's ghost, experienced DECj


Innate Abilities, Weirdness & Mutations

You reflexively headbutt those who attack you in melee.
You have a pair of horns on your head.
Scrolls take you a little longer to read.
You are frail (-10% HP).


Message History

The deep elf knight casts a spell.
The deep elf knight flickers and vanishes!
Deactivating autopickup; reactivate with Ctrl-A.
The hill giant hits you with a giant club!
You hit the hill giant! You headbutt the hill giant!
The hill giant is moderately wounded.
You hear some strange, mumbled words.
You block the shard of ice.
You hit the hill giant.
The hill giant is poisoned.
The hill giant is moderately wounded.
Something hits you!
* * * LOW HITPOINT WARNING * * *
The hill giant closely misses you. You furiously retaliate!
You headbutt the hill giant.
There is an open door here.
Items here: (( )))) †† Something blocks your attack.
Your headbutt misses something.
You hear some strange, mumbled words.
The shard of ice hits you!
You die...

##'#...###.....#(........
#.#.########'#######....
#.#..........# #####
#####.######################
#...#.#...#.........'.......
#...#.#.#.#.)..)....#.......
#...#.#.#.#.........#.......
#...#.#.#.#.........#8......
#...#.#.#.#@##############'#
#...#'#.#.#C........# #..
#.......#.#.........# #..
#.......#.#[........ #..
###.....#.#......... #..
##...[....#......... ###
#.........#........
#.....###.#....... #.....#
#.#......


You could see a hill giant.

Vanquished Creatures
  Pikel (D:4)
  A deep elf priest (D:9)
  A troll (D:9)
  A slime creature (D:9)
  A deep elf mage (D:9)
  2 hippogriffs
  Menkaure (D:7)
  4 orc warriors
  A slave (D:4)
  An ice beast (D:9)
  A sky beast (D:6)
  2 black bears
  An ogre (D:4)
  4 centaurs
  3 giant frogs
  A big kobold (D:9)
  A water moccasin zombie (D:7)
  4 scorpions
  8 killer bees
  2 crimson imps
  A goliath beetle (D:6)
  2 jellies
  A centaur zombie (D:6)
  7 hounds
  An iguana (D:5)
  A giant frog skeleton (D:9)
  4 orc priests
  3 centaur skeletons
  9 worker ants
  6 orc wizards
  A killer bee zombie (D:9)
  A hound skeleton (D:7)
  A mummy (D:9)
  15 adders
  A river rat (D:5)
  2 shadow imps
  7 gnolls
  4 worms
  A giant mite (D:9)
  2 adder skeletons
  2 adder zombies
  36 orcs
  A ball python (D:3)
  10 bats
  A bat skeleton (D:6)
  2 bat zombies (D:8)
  5 giant cockroaches
  10 goblins
  9 hobgoblins
  8 quokkas
  8 giant geckos
  13 giant newts
  5 jackals
  A jackal zombie (D:5)
  17 kobolds
  A quokka skeleton (D:9)
  12 rats
252 creatures vanquished.

Vanquished Creatures (others)
  A goblin (D:4)
  A giant newt (D:4)
2 creatures vanquished.

Grand Total: 254 creatures vanquished

Notes
Turn   | Place    | Note
--------------------------------------------------------------
     0 | D:1      | Ngotmuk, the Minotaur Fighter, began the quest for the Orb.
     0 | D:1      | Reached XP level 1. HP: 19/19 MP: 1/1
   158 | D:1      | Reached XP level 2. HP: 27/27 MP: 1/1
   234 | D:1      | Reached skill level 4 in Shields
   726 | D:1      | Reached XP level 3. HP: 29/33 MP: 2/2
  1268 | D:3      | Found a shimmering altar of Xom.
  1355 | D:3      | Noticed a scorpion
  1369 | D:3      | Killed a scorpion
  1369 | D:3      | Reached skill level 1 in Dodging
  1369 | D:3      | Reached XP level 4. HP: 18/40 MP: 2/2
  1773 | D:3      | Reached XP level 5. HP: 46/46 MP: 2/2
  2177 | D:4      | Noticed Pikel
  2177 | D:4      | Noticed a slave
  2178 | D:4      | Noticed a slave
  2206 | D:4      | Noticed a slave
  2220 | D:4      | Noticed a slave
  2222 | D:4      | Killed Pikel
  2222 | D:4      | Reached skill level 5 in Fighting
  2222 | D:4      | Reached skill level 5 in Armour
  2222 | D:4      | Reached skill level 5 in Shields
  2222 | D:4      | Reached XP level 6. HP: 19/56 MP: 3/3
  2222 | D:4      | Reached XP level 7. HP: 20/61 MP: 3/3
  2438 | D:4      | Reached skill level 5 in Maces & Flails
  2502 | D:4      | Killed a freed slave
  2602 | D:4      | Noticed Kisielow's ghost (experienced DECj)
  2648 | D:5      | Entered Level 5 of the Dungeon
  2716 | D:5      | Found a shadowy altar of Dithmenos.
  3048 | D:5      | Reached skill level 6 in Armour
  3714 | D:6      | Found a white marble altar of Elyvilon.
  3722 | D:6      | Reached XP level 8. HP: 67/70 MP: 3/3
  4067 | D:6      | Found a sacrificial altar of Ru.
  4289 | D:6      | Gained mutation: You are frail (-10% HP). [mutagenic meat]
  4290 | D:6      | Gained mutation: Scrolls take you a little longer to read. [mutagenic meat]
  4406 | D:6      | Reached skill level 7 in Shields
  4811 | D:4      | Noticed an ogre
  4827 | D:4      | Killed an ogre
  5104 | D:7      | Reached skill level 5 in Dodging
  5215 | D:7      | Reached XP level 9. HP: 61/71 MP: 4/4
  5250 | D:7      | Noticed Menkaure
  5255 | D:7      | Killed Menkaure
  5732 | D:7      | Found a staircase to the Ecumenical Temple.
  5742 | Temple   | Entered the Ecumenical Temple
  5831 | Temple   | Became a worshipper of Warmaster Okawaru
  6321 | D:8      | Reached skill level 8 in Shields
  6918 | D:8      | Acquired Okawaru's first power
  7276 | D:9      | Found Shriqe's Food Shop.
  7416 | D:9      | Found a staircase to the Lair.
  7440 | D:9      | Found Khic's Antique Armour Boutique.
  7476 | D:9      | Found Dalafuharo's Book Boutique.
  7687 | D:9      | Reached XP level 10. HP: 81/81 MP: 4/4
  7712 | D:9      | Found Plaosch's Food Emporium.
  7783 | D:9      | Found Inaf's Antique Armour Shoppe.
  8010 | D:10     | Entered Level 10 of the Dungeon
  8159 | D:9      | Reached skill level 9 in Fighting
  8226 | D:9      | Noticed a deep elf knight
  8231 | D:9      | Noticed a hill giant
  8246 | D:9      | Killed from afar by a deep elf knight

Action                   |  1- 3 |  4- 6 |  7- 9 | 10-12 || total
-------------------------+-------+-------+-------+-------++-------
Melee: Flail             |    87 |       |       |       ||    87
       Mace              |    83 |    58 |   179 |       ||   320
       Whip              |       |       |   411 |   125 ||   536
Invok: Heroism           |       |       |       |     1 ||     1
  Use: Scroll            |       |       |    14 |       ||    14
       Potion            |       |       |     1 |     1 ||     2
  Eat: Bread ration      |     1 |       |     1 |       ||     2
       Pizza             |       |       |     2 |       ||     2
       Meat ration       |       |       |     1 |       ||     1
       Chunk             |       |       |     2 |       ||     2
       Fruit             |       |       |     7 |     6 ||    13
